AoeStats
← Battousai

Arena

508604338Analyzed
4v4 RM · 9d ago on Sep 23, 2026· 51m 30s· 8 players
Game mode
Random Map
Map size
Large (8 player)
Population
200
Speed
Normal
Resources
Standard
Victory
Conquest
Starting age
Dark Age
Ending age
Imperial Age
RankedLock teamsTeams togetherTeam positionsShared explorationLock speedFull tech treeHidden civsTurbo modeCheats
Victory
Defeat
🇨🇳 Saxons · China
1244
+15
🇯🇵 Persians · Japan
1236
+15
🇦🇷 Poles · Argentina
1176
+17
🇨🇳 Celts · China
1168
+18
🇨🇳 Franks · China
1256
-18
🇲🇽 Varangians · Mexico
1228
-17
🇺🇸 Turks · United States
1224
-17
🇧🇪 Magyars · Belgium
1141
-13
KJI
10:01 Feudal Age
12:22 Double-Bit Axe
14:44 Castle Age
13:28 Horse Collar
17:50 Heavy Plow
17:48 Loom
20:20 Wheelbarrow
20:47 Gold Mining
23:24 Bow Saw
24:17 Bloodlines
24:17 Husbandry
26:31 Scale Barding Armor
28:19 Chain Barding Armor
29:14 Hand Cart
30:20 Forging
35:25 Imperial Age
33:15 Masonry
35:04 Cavalier
39:13 Pikeman
40:35 Gold Shaft Mining
43:11 Two-Man Saw
42:47 Light Cavalry
45:37 Crop Rotation
47:43 Plate Barding Armor
48:10 Hussar
50:38 Iron Casting
49:54 Fletching
不知天上水
11:36 Feudal Age
12:54 Double-Bit Axe
15:17 Castle Age
13:51 Horse Collar
18:02 Heavy Plow
21:48 Bow Saw
25:08 Wheelbarrow
25:06 Gold Mining
25:07 Stone Mining
29:20 Imperial Age
27:20 Hand Cart
27:12 Stone Mining
28:41 Gold Shaft Mining
28:41 Stone Shaft Mining
28:01 Town Watch
28:02 Loom
28:10 Fletching
28:39 Padded Archer Armor
29:18 Ballistics
29:27 Heavy Scorpion
30:16 Siege Engineers
31:11 Chemistry
31:43 Capped Ram
32:57 Fortified Wall
32:58 Masonry
33:33 Conscription
33:25 Furor Celtica
33:40 Conscription
32:49 Siege Ram
33:29 Bodkin Arrow
33:49 Leather Archer Armor
33:47 Forging
33:58 Pikeman
34:24 Gambesons
34:43 Scale Mail Armor
35:09 Halberdier
36:52 Iron Casting
36:48 Ring Archer Armor
37:07 Coinage
36:48 Guilds
38:43 Chain Mail Armor
39:28 Blast Furnace
40:38 Hoardings
41:20 Arson
42:07 Plate Mail Armor
45:18 Stronghold
44:51 Elite Woad Raider
48:28 Scale Barding Armor
丧心病狂
10:55 Feudal Age
12:12 Double-Bit Axe
14:37 Castle Age
13:02 Horse Collar
16:16 Bow Saw
19:19 Wheelbarrow
18:33 Loom
25:13 Gold Mining
28:12 Imperial Age
26:30 Forging
26:21 Scale Mail Armor
26:45 Hand Cart
26:16 Town Watch
27:19 Squires
27:04 Arson
27:05 Gambesons
27:57 Iron Casting
27:43 Town Patrol
28:43 Chain Mail Armor
29:16 Elite Varangian Guard
30:30 Conscription
31:36 Plate Mail Armor
32:45 Gold Shaft Mining
38:49 Coinage
39:17 Shield Wall
Taiwan No.1
5:20 Loom
11:44 Feudal Age
13:25 Double-Bit Axe
15:55 Castle Age
15:11 Scale Barding Armor
17:50 Bow Saw
17:23 Horse Collar
18:16 Forging
20:10 Szlachta Privileges
21:31 Wheelbarrow
21:24 Bloodlines
22:26 Heavy Plow
22:50 Gold Mining
24:04 Husbandry
24:31 Chain Barding Armor
27:09 Iron Casting
29:19 Hand Cart
31:45 Town Watch
37:36 Imperial Age
35:36 Padded Archer Armor
35:27 Fletching
35:48 Elite Skirmisher
36:54 Bodkin Arrow
37:42 Light Cavalry
37:53 Pikeman
38:33 Squires
37:59 Cavalier
39:46 Blast Furnace
38:47 Bracer
38:56 Thumb Ring
39:52 Leather Archer Armor
40:12 Conscription
40:15 Winged Hussar
41:19 Lechitic Legacy
42:26 Crop Rotation
43:01 Fortified Wall
43:12 Scale Mail Armor
Battousai
10:16 Feudal Age
13:56 Castle Age
12:14 Double-Bit Axe
12:44 Horse Collar
15:06 Bow Saw
16:41 Heavy Plow
20:41 Gold Mining
26:51 Imperial Age
25:05 Wheelbarrow
24:19 Loom
25:04 Scale Barding Armor
25:13 Forging
26:28 Chain Barding Armor
26:25 Stone Mining
26:57 Hand Cart
27:23 Bloodlines
27:14 Husbandry
27:53 Iron Casting
27:26 Cavalier
29:34 Stone Shaft Mining
30:05 Plate Barding Armor
32:11 Blast Furnace
32:58 Conscription
33:56 Gothikon
35:13 Elite Jarl
36:18 Vendel Legacy
Thunder
12:01 Feudal Age
15:54 Castle Age
13:51 Double-Bit Axe
20:04 Imperial Age
28:51 Horse Collar
31:00 Heavy Plow
35:25 Wheelbarrow
35:13 Bow Saw
35:53 Stone Mining
35:57 Gold Mining
36:52 Hand Cart
37:39 Two-Man Saw
37:05 Padded Archer Armor
39:31 Gold Shaft Mining
40:28 Conscription
sabin_schy
12:18 Feudal Age
13:18 Double-Bit Axe
13:15 Horse Collar
17:21 Castle Age
16:39 Stone Mining
18:12 Bow Saw
18:06 Heavy Plow
19:39 Gold Mining
20:42 Wheelbarrow
22:11 Hand Cart
23:10 Gold Shaft Mining
25:17 Treadmill Crane
25:27 Loom
26:15 Fletching
26:30 Scale Barding Armor
27:18 Murder Holes
27:34 Masonry
28:16 Bodkin Arrow
28:30 Corvinian Army
28:50 Bloodlines
28:41 Husbandry
30:27 Chain Barding Armor
32:50 Imperial Age
31:11 Ballistics
33:11 Elite Magyar Huszar
34:27 Hoardings
34:02 Bracer
34:38 Plate Barding Armor
35:11 Chemistry
35:19 Conscription
35:47 Crop Rotation
36:19 Two-Man Saw
36:16 Conscription
36:17 Padded Archer Armor
36:25 Siege Engineers
37:32 Heavy Cavalry Archer
38:14 Recurve Bow
38:44 Parthian Tactics
38:58 Leather Archer Armor
39:27 Hoardings
39:00 Thumb Ring
40:51 Ring Archer Armor
46:44 Coinage
47:13 Caravan
蝴蝶
11:00 Feudal Age
14:53 Castle Age
12:41 Double-Bit Axe
15:56 Bow Saw
16:19 Loom
17:15 Wheelbarrow
19:27 Loom
20:11 Stone Mining
21:10 Hand Cart
21:21 Town Watch
21:38 Gold Mining
25:36 Gold Shaft Mining
28:33 Imperial Age
26:19 Pikeman
27:08 Scale Barding Armor
27:14 Forging
27:24 Husbandry
27:17 Light Cavalry
28:36 Chain Barding Armor
29:59 Conscription
29:02 Cavalier
30:28 Plate Barding Armor
30:29 Iron Casting
29:47 Halberdier
30:27 Squires
30:23 Arson
30:39 Scale Mail Armor
31:00 Chivalry
31:07 Town Patrol
31:06 Fletching
33:14 Coinage
33:54 Paladin
35:11 Chain Mail Armor
36:05 Banking
35:35 Caravan
43:27 Blast Furnace
42:57 Plate Mail Armor
46:47 Hoardings
46:38 Bodkin Arrow
46:43 Padded Archer Armor
49:08 Treadmill Crane
49:39 Fortified Wall
49:16 Arrowslits
51:10 Ballistics
51:01 Masonry
50:48 Murder Holes
Connection lost

Rejoining the realm…

Still unreachable

The connection could not be restored.

Session expired

The server has moved on; the page needs a fresh start.